 Dungeon Crawl Stone Soup version 0.23.0-33-g5e6c059 (webtiles) character file.

Game seed: 2380348837076479124

20965 Lanoc the Carver (level 13, -3/103 HPs)
             Began as a Formicid Chaos Knight on Feb 27, 2019.
             Was a Plaything of Xom.
             Slain by a two-headed ogre
             ... wielding a +0 giant club
              (13 damage)
             ... on level 13 of the Dungeon.
             The game lasted 00:31:39 (11880 turns).

Lanoc the Carver (Formicid Chaos Knight)           Turns: 11880, Time: 00:31:40

Health: -3/103     AC: 17    Str: 21    XL:     13   Next: 16%
Magic:  13/13      EV: 16    Int: 17    God:    Xom [....*.]
Gold:   1595       SH: 18    Dex: 15    Spells: 12/12 levels left

rFire    . . .     SeeInvis +   a - +1 falchion (chaos)
rCold    . . .     Gourm    +   m - +1 large shield
rNeg     + . .     Faith    .   I - +3 chain mail
rPois    +         Spirit   .   (helmet unavailable)
rElec    +         Reflect  .   (no cloak)
rCorr    .         Harm     .   j - +2 pair of gloves
MR       ++...                  (no boots)
Stlth    ..........             Q - amulet of the gourmand
HPRegen  0.27/turn              L - ring "Xiwnuv" {rPois rN+ Str-2 Int+4}
MPRegen  0.13/turn              g - ring of protection from magic

@: agile
A: permanent stasis, dig shafts and tunnels, four strong arms, antennae 3,
blurry vision 2, clever 1, clumsy 1, electricity resistance, strong 1, evolution
1
a: Dig, Shaft Self, Renounce Religion


You were on level 13 of the Dungeon.
You worshipped Xom.
You were a beloved toy of Xom.
You were hungry.

You visited 2 branches of the dungeon, and saw 14 of its levels.
You also visited: Ossuary and Ice Cave.

You collected 1595 gold pieces.

Inventory:

Hand Weapons
 a - a +1 falchion of chaos (weapon)
 D - a +2 scimitar of flaming
Missiles
 e - 68 bolts
 v - 73 sling bullets
Armour
 j - a +2 pair of gloves (worn)
 m - a +1 large shield (worn)
 I - a +3 chain mail (worn)
Jewellery
 g - a ring of protection from magic (right hand)
 o - an uncursed ring of protection from magic
 r - an uncursed ring of protection from cold
 F - a +4 ring of protection
 L - the ring "Xiwnuv" (left hand) {rPois rN+ Str-2 Int+4}
   (You found it in an ice cave)

   [ring of poison resistance]

   It affects your strength (-2).
   It affects your intelligence (+4).
   It protects you from poison.
   It protects you from negative energy.
 Q - an amulet of the gourmand (around neck)
Wands
 i - a wand of clouds (4)
 t - a wand of polymorph (6)
 w - a wand of paralysis (7)
 E - a wand of acid (9)
 J - a wand of iceblast (5)
Scrolls
 f - 2 scrolls of amnesia {unknown}
 h - 2 scrolls of fear
 l - 2 scrolls of enchant weapon
 p - 7 scrolls of remove curse
 q - 8 scrolls of immolation {unknown}
 s - 2 scrolls of vulnerability {unknown}
 x - a scroll of noise {unknown}
 y - a scroll of fog {unknown}
 z - 3 scrolls of random uselessness {unknown}
 G - a scroll of brand weapon
 M - 3 scrolls of identify
Potions
 d - 4 potions of mutation
 k - a potion of magic
 u - 2 potions of ambrosia
 A - a potion of curing
 B - a potion of lignification
 C - a potion of brilliance
Comestibles
 c - 14 rations


   Skills:
 + Level 10.0 Fighting
 * Level 12.5 Long Blades
 + Level 9.6 Armour
 + Level 8.0 Dodging
 + Level 10.1 Shields


You had 12 spell levels left.
You didn't know any spells.
Your spell library contained the following spells:

 Spells                   Type           Power        Failure   Level  Hunger
 Infusion                 Chrm           #...         99%         1    ##.....
 Magic Dart               Conj           #...         99%         1    ##.....
 Call Imp                 Summ           #.......     100%        2    ###....
 Shroud of Golubria       Chrm/Tloc      #.........   100%        2    ###....
 Slow                     Hex            #.......     100%        2    ###....
 Song of Slaying          Chrm           #.......     100%        2    ###....
 Conjure Flame            Conj/Fire      #.......     100%        3    ####...
 Mephitic Cloud           Conj/Pois/Air  #.......     100%        3    ####...
 Regeneration             Chrm/Necr      #.........   100%        3    ####...
 Spectral Weapon          Hex/Chrm       #.......     100%        3    ####...
 Blink                    Tloc           Unusable     N/A         2    N/A

Dungeon Overview and Level Annotations

Branches:
Dungeon (13/15)            Temple (1/1) D:5            Lair (0/6) D:8
    Orc (0/2) D:10
 Vaults: D:13-14

Altars:
Ashenzari
Cheibriados
Dithmenos
Elyvilon
Fedhas
Gozag
Hepliaklqana
Kikubaaqudgha
Makhleb
Nemelex Xobeh
Okawaru
Qazlal
Ru
Sif Muna
Trog
Uskayaw
Vehumet
Wu Jian
Xom
Yredelemnul
Zin
The Shining One

Shops:
D:6 [(=   D:8 (


Innate Abilities, Weirdness & Mutations

You cannot be hasted, slowed, berserked, paralysed or teleported.
You can dig through walls and to a lower floor.
Your four strong arms can wield two-handed weapons with a shield.
You have a pair of large antennae on your head. (SInv)
Scrolls take you longer to read.
Your mind is acute. (Int +2)
You are clumsy. (Dex -2)
You are resistant to electric shocks. (rElec)
Your muscles are strong. (Str +2)
You evolve.


Message History

The two-headed ogre seems less confused.
You hit the two-headed ogre but do no damage.
The two-headed ogre is heavily wounded.
You block the two-headed ogre's attack. The two-headed ogre barely misses you.
You hit the two-headed ogre.
The two-headed ogre is heavily wounded.
You block the two-headed ogre's attack. x2
Your chain mail prevents you from hitting the two-headed ogre.
The two-headed ogre is heavily wounded.
Xom's power flows through you!
A four-headed hydra appears.
You hit the two-headed ogre but do no damage.
Lightning courses through the two-headed ogre!!
The two-headed ogre is almost dead.
The yak gores you!
* * * LOW HITPOINT WARNING * * *
You block the crimson imp's attack.
The crimson imp hits your four-headed hydra.
The two-headed ogre hits you with a +0 giant club!
You die...

{ #.....# { #.....+
######.5...#
#..Y@#^....# .
#..O5#....>##..
#Y.5D#......... .
#cY.##.....#
.Y..##oY(##.(...##..
...Y.o.(..)(<(......
#...##oo.....O......
#+ #..............
.............l..


You could see a two-headed ogre, 4 yaks, a centaur (fleeing), an orc priest
(fleeing), an orc wizard (fleeing), 2 crimson imps, 2 orcs and a friendly
four-headed hydra.

Vanquished Creatures
  Erica (D:7)
  2 ice dragons (IceCv)
  3 two-headed ogres
  A centaur warrior (D:10)
  An unseen horror (D:7)
  3 ugly things
  2 deep elf magi
  A manticore (shapeshifter) (D:9)
  A cyclops (shapeshifter) (D:12)
  An ice statue (IceCv)
  2 rime drakes (IceCv)
  A meliai (shapeshifter) (D:9)
  4 trolls
  A slime creature (D:11)
  Grinder (D:5)
  A raiju (shapeshifter) (D:10)
  3 hippogriffs
  A tarantella (shapeshifter) (D:12)
  5 yaks
  A fire bat (IceCv)
  2 wyverns
  2 basilisks
  A steam dragon (D:12)
  A warg (IceCv)
  Edmund (D:5)
  Duvessa (D:4)
  3 porcupines
  A water moccasin (D:9)
  A black bear (D:8)
  5 orc warriors
  2 sky beasts
  A phantom (D:10)
  21 ice beasts
  A necrophage (D:8)
  5 ogres
  An eye of draining (D:9)
  7 centaurs
  3 crocodiles
  6 bullfrogs
  A gnoll sergeant (D:9)
  A big kobold (D:8)
  Dowan (D:4)
  A scorpion (D:4)
  8 killer bees
  2 electric eels (D:11)
  2 howler monkeys (D:12)
  2 crimson imps
  4 centaur zombies
  6 hounds
  A jelly (D:9)
  4 orc priests
  A centaur skeleton (D:7)
  15 orc wizards
  4 iguanas
  3 bullfrog skeletons
  9 worker ants
  A big kobold zombie (Ossuary)
  A hound zombie (D:10)
  A hound skeleton (D:11)
  4 mummies (Ossuary)
  A worker ant zombie (D:5)
  8 gnolls
  17 adders
  A howler monkey skeleton (D:8)
  A river rat (D:9)
  5 shadow imps
  An adder skeleton (D:4)
  An adder zombie (D:8)
  3 worms
  7 leopard geckos
  44 orcs
  6 giant cockroaches
  A gnoll zombie (Ossuary)
  3 goblins
  4 hobgoblins (D:3)
  16 jackals
  14 kobolds
  6 quokkas
  4 ball pythons
  5 bats
  5 frilled lizards
  A goblin zombie (Ossuary)
  A hobgoblin zombie (Ossuary)
  A kobold zombie (Ossuary)
  An orc zombie (Ossuary)
  A rat (D:2)
331 creatures vanquished.

Vanquished Creatures (collateral kills)
  A cyclops (D:11)
  A hungry ghost (D:11)
  A water moccasin (D:7)
  A porcupine (D:8)
  An ice beast (IceCv)
  An ogre (D:5)
  3 killer bees (D:11)
  An electric eel (D:11)
  A crimson imp (D:5)
  A quasit (D:13)
  2 orcs (D:11)
14 creatures vanquished.

Vanquished Creatures (others)
  A death drake (shapeshifter) (D:13)
  An ice statue (IceCv)
  A phantom (D:7)
  A crocodile (D:9)
  A crimson imp (D:10)
  A fungus (D:8)
  6 toadstools (D:5)
12 creatures vanquished.

Grand Total: 357 creatures vanquished

Notes
Turn   | Place    | Note
-------+----------+-------------------------------------------
     0 | D:1      | Lanoc the Formicid Chaos Knight began the quest for the
                  | Orb.
     0 | D:1      | Reached XP level 1. HP: 18/18 MP: 1/1
    84 | D:1      | Reached skill level 1 in Dodging
   100 | D:2      | Reached XP level 2. HP: 22/24 MP: 2/2
   131 | D:2      | XOM: divination: magic mapping
   138 | D:2      | Reached XP level 3. HP: 26/29 MP: 3/3
   180 | D:2      | XOM: butterfly on damage
   211 | D:2      | Found a faded altar of an unknown god.
   357 | D:3      | XOM: give mutations
   357 | D:3      | Gained mutation: You possess an exceptional clarity of
                  | mind. [Xom's grace]
   357 | D:3      | Gained mutation: You are partially covered in yellow
                  | scales. (AC +2) [Xom's grace]
   357 | D:3      | Gained mutation: You are partially covered in icy blue
                  | scales. (AC +2) [Xom's grace]
   357 | D:3      | Gained mutation: You are somewhat resistant to further
                  | mutation. [Xom's grace]
   425 | D:3      | XOM: god gift: large shield {god gift}
   468 | D:3      | XOM is BORED!
   468 | D:3      | XOM: mild Pois miscast
   508 | D:3      | Reached XP level 4. HP: 31/37 MP: 4/4
   542 | D:3      | XOM: cleaving
   607 | D:3      | XOM: scenery: create altars
   775 | D:3      | XOM: scenery: 1 doors close
   779 | D:3      | XOM: scenery: create altars
   794 | D:3      | XOM: summons friendly shadow imp
   796 | D:3      | Lost mutation: You possess an exceptional clarity of mind.
                  | [potion of mutation]
   796 | D:3      | Lost mutation: You are partially covered in icy blue
                  | scales. (AC +2) [potion of mutation]
   796 | D:3      | Gained mutation: You are resistant to electric shocks.
                  | (rElec) [potion of mutation]
   800 | D:3      | Reached skill level 4 in Long Blades
   800 | D:3      | Reached skill level 1 in Shields
   800 | D:3      | Reached XP level 5. HP: 42/42 MP: 5/5
  1298 | D:4      | Reached XP level 6. HP: 38/48 MP: 6/6
  1341 | D:4      | XOM: enchant monster (bad)
  1381 | D:4      | XOM: cast spell 'Summon Butterflies'
  1475 | D:4      | XOM: god gift: 19 gold pieces
  1729 | D:4      | XOM: harmless Summ miscast
  1738 | D:4      | XOM: potion effect (brilliance)
  1865 | D:4      | Reached XP level 7. HP: 26/55 MP: 7/7
  1873 | D:4      | Reached skill level 5 in Long Blades
  1879 | D:4      | XOM: noise
  2002 | D:4      | XOM: harmless Ice miscast
  2033 | D:4      | XOM: noise
  2035 | D:4      | XOM: divination: detect items
  2040 | D:4      | XOM: potion effect (brilliance)
  2356 | D:4      | XOM: potion effect (invisibility)
  2425 | D:4      | Noticed Duvessa
  2425 | D:4      | Noticed Dowan
  2428 | D:4      | Killed Dowan
  2440 | D:4      | Killed Duvessa
  2440 | D:4      | Reached XP level 8. HP: 60/61 MP: 8/8
  2469 | D:4      | Reached skill level 5 in Fighting
  2481 | D:4      | XOM: harmless Erth miscast
  2491 | D:4      | XOM: enchant monster (bad)
  2795 | D:4      | Reached skill level 6 in Long Blades
  3033 | D:5      | Entered Level 5 of the Dungeon
  3207 | D:5      | Noticed Edmund
  3211 | D:5      | XOM: divination: magic mapping
  3220 | D:5      | Killed Edmund
  3410 | D:5      | Reached skill level 5 in Armour
  3478 | D:5      | Reached XP level 9. HP: 44/69 MP: 9/9
  3608 | D:5      | Noticed Grinder
  3615 | D:5      | XOM: enchant monster (bad)
  3622 | D:5      | Killed Grinder
  3622 | D:5      | Reached skill level 7 in Long Blades
  3712 | D:5      | Found a staircase to the Ecumenical Temple.
  3721 | Temple   | Entered the Ecumenical Temple
  3956 | D:6      | Found Voginneu's Antique Weapon Shop.
  3990 | D:6      | Found Inuenlie's Jewellery Emporium.
  4047 | D:6      | XOM: mild Tmut miscast
  4300 | D:6      | XOM: harmless Air miscast
  4313 | D:6      | XOM: confusion (+ monsters)
  4314 | D:6      | XOM: harmless Fire miscast
  4315 | D:6      | Reached skill level 5 in Shields
  4439 | D:6      | Found Pojodyosuy's Armour Shop.
  4482 | D:6      | XOM: give mutations
  4482 | D:6      | Gained mutation: Your muscles are strong. (Str +2) [Xom's
                  | grace]
  4482 | D:6      | Gained mutation: Your spells are a little harder to cast,
                  | but a little more powerful. [Xom's grace]
  4482 | D:6      | Gained mutation: You are resistant to hostile enchantments.
                  | (MR+) [Xom's grace]
  4695 | D:7      | XOM: divine lightning
  4707 | D:7      | Noticed a hippogriff
  4713 | D:7      | XOM: fog
  4717 | D:7      | XOM: confuse monster(s)
  4729 | D:7      | Killed a hippogriff
  4782 | D:7      | XOM: scenery: create altars
  4796 | D:7      | Found a sand-covered staircase.
  4801 | Ossuary  | Entered an ossuary
  4904 | Ossuary  | XOM: scenery: 3 doors close
  5248 | D:7      | XOM: summons 9 friendly demons
  5249 | D:7      | Reached skill level 8 in Long Blades
  5458 | D:8      | XOM: polymorph orc -> jackal
  5477 | D:7      | XOM: swap monsters
  5567 | D:8      | Noticed Erica
  5574 | D:7      | XOM: mild Ice miscast
  5726 | D:8      | XOM: fake destruction
  5729 | D:8      | XOM: noise
  5732 | D:7      | Noticed an unseen horror
  5732 | D:7      | a yak changed into an unseen horror
  5742 | D:7      | Killed an unseen horror
  5742 | D:7      | Reached skill level 5 in Dodging
  5742 | D:7      | Reached XP level 10. HP: 70/77 MP: 10/10
  5748 | D:7      | XOM: confuse monster(s)
  5773 | D:7      | Killed Erica
  5773 | D:7      | Reached skill level 9 in Long Blades
  5799 | D:7      | XOM: severe Air miscast
  6017 | D:8      | XOM: fog
  6030 | D:8      | XOM: harmless Tloc miscast
  6032 | D:8      | XOM: summons 4 friendly demons
  6038 | D:8      | XOM: summons friendly ufetubus
  6097 | D:8      | XOM: polymorph orc -> gnoll
  6113 | D:8      | XOM: chaos upgrade
  6117 | D:8      | XOM: enchant monster (bad)
  6325 | D:8      | Found Sifuak's Antique Weapon Emporium.
  6383 | D:8      | Found a staircase to the Lair.
  6527 | D:8      | XOM: noise
  6530 | D:8      | XOM: harmless Erth miscast
  6825 | D:9      | XOM: polymorph scorpion -> shapeshifter
  6835 | D:9      | XOM: harmless Erth miscast
  6846 | D:9      | Reached XP level 11. HP: 55/85 MP: 11/11
  6869 | D:9      | XOM: harmless Erth miscast
  6978 | D:9      | XOM: harmless Hex miscast
  7048 | D:9      | XOM: medium Necr miscast
  7152 | D:9      | XOM: enchant monster (bad)
  7167 | D:9      | Reached skill level 10 in Long Blades
  7180 | D:9      | Noticed a two-headed ogre
  7182 | D:9      | XOM: potion effect (curing)
  7193 | D:9      | Killed a two-headed ogre
  7196 | D:9      | Killed a two-headed ogre
  7333 | D:9      | XOM: mild Tmut miscast
  7339 | D:9      | XOM: harmless Conj miscast
  7473 | D:9      | Found an iron altar of Okawaru.
  7474 | D:9      | XOM: polymorph goblin -> river rat
  7567 | D:9      | XOM: give mutations
  7567 | D:9      | Gained mutation: Scrolls take you a little longer to read.
                  | [Xom's mischief]
  7567 | D:9      | Lost mutation: Your spells are a little harder to cast, but
                  | a little more powerful. [Xom's mischief]
  7567 | D:9      | Gained mutation: Your body sometimes deteriorates upon
                  | taking damage. [Xom's mischief]
  7567 | D:9      | Lost mutation: Your body sometimes deteriorates upon taking
                  | damage. [Xom's mischief]
  7626 | D:9      | Found a hazy altar of Hepliaklqana.
  7700 | D:10     | Entered Level 10 of the Dungeon
  7700 | D:10     | Found a radiant altar of Vehumet.
  7722 | D:9      | XOM: scenery: 1 doors close
  7726 | D:9      | XOM: enchant monster (good)
  7732 | D:9      | Noticed a fire crab
  7732 | D:9      | a shapeshifter changed into a fire crab
  7739 | D:9      | Noticed a manticore
  7739 | D:9      | a fire crab changed into a manticore
  7744 | D:9      | Killed a manticore
  7780 | D:9      | XOM: mild Fire miscast
  7972 | D:10     | XOM: smoke on damage
  8012 | D:10     | XOM: fog
  8292 | D:10     | XOM: give mutations
  8292 | D:10     | Gained mutation: Your mind is acute. (Int +2) [Xom's grace]
  8292 | D:10     | Lost mutation: You are somewhat resistant to further
                  | mutation. [Xom's grace]
  8292 | D:10     | Gained mutation: You evolve. [Xom's grace]
  8292 | D:10     | Gained mutation: You are agile. (Dex +2) [Xom's grace]
  8369 | D:10     | Noticed a deep elf mage
  8379 | D:10     | XOM: scenery: create altars
  8382 | D:10     | XOM: summons friendly shadow imp
  8386 | D:10     | Killed a deep elf mage
  8419 | D:10     | Found a staircase to the Orcish Mines.
  8632 | D:10     | Noticed a centaur warrior
  8647 | D:10     | Killed a centaur warrior
  8687 | D:10     | Gained mutation: You are surrounded by a mild repulsion
                  | field. (EV +2) [evolution]
  8707 | D:10     | XOM: scenery: create altars
  8879 | D:11     | XOM: confuse monster(s)
  8895 | D:11     | Reached skill level 11 in Long Blades
  8915 | D:11     | XOM: god gift: 12 gold pieces
  8923 | D:11     | XOM: medium Tmut miscast
  8953 | D:11     | XOM: cast spell 'Summon Ice Beast'
  9045 | D:11     | Found an opulent altar of Gozag.
  9060 | D:11     | XOM: summons friendly smoke demon
  9080 | D:11     | Reached XP level 12. HP: 92/94 MP: 12/12
  9299 | D:11     | XOM: scenery: create altars
  9327 | D:11     | XOM: confuse monster(s)
  9438 | D:11     | XOM: silly message
  9582 | D:11     | Noticed a two-headed ogre
  9603 | D:11     | XOM: mild Chrm miscast
  9608 | D:11     | Killed a two-headed ogre
  9630 | D:11     | XOM: mild Tloc miscast
  9637 | D:11     | XOM: mild Ice miscast
  9727 | D:11     | XOM: god gift: potion of ambrosia
  9797 | D:12     | Found a frozen archway.
  9801 | D:12     | XOM: potion effect (might)
  9808 | D:12     | XOM: divination: detect items
  9817 | D:12     | XOM: polymorph ice beast -> glowing shapeshifter
  9821 | D:12     | XOM: blink monster(s)
  9833 | IceCv    | Entered an ice cave
  9841 | IceCv    | XOM: scenery: create altars
  9855 | IceCv    | XOM: give mutations
  9855 | IceCv    | Lost mutation: You are agile. (Dex +2) [Xom's mischief]
  9855 | IceCv    | Lost mutation: You are partially covered in yellow scales.
                  | (AC +2) [Xom's mischief]
  9855 | IceCv    | Lost mutation: You are surrounded by a mild repulsion
                  | field. (EV +2) [Xom's mischief]
  9855 | IceCv    | Gained mutation: Your mind is very acute. (Int +4) [Xom's
                  | mischief]
  9919 | IceCv    | XOM: scenery: create altars
  9921 | IceCv    | XOM: swap monsters
  9945 | IceCv    | XOM: torment (38/96 hp)
 10030 | IceCv    | XOM: mild Chrm miscast
 10227 | IceCv    | XOM: polymorph ice beast -> warg
 10233 | IceCv    | XOM: give mutations
 10233 | IceCv    | Gained mutation: You are clumsy. (Dex -2) [Xom's mischief]
 10233 | IceCv    | Gained mutation: Scrolls take you longer to read. [Xom's
                  | mischief]
 10233 | IceCv    | Lost mutation: Your mind is very acute. (Int +4) [Xom's
                  | mischief]
 10233 | IceCv    | Lost mutation: You are resistant to hostile enchantments.
                  | (MR+) [Xom's mischief]
 10250 | IceCv    | XOM: cleaving
 10276 | IceCv    | XOM: summons 4 friendly demons
 10308 | IceCv    | XOM: swap monsters
 10319 | IceCv    | XOM: enchant monster (bad)
 10325 | IceCv    | Reached skill level 12 in Long Blades
 10382 | IceCv    | XOM: summons 2 hostile demons
 10506 | IceCv    | XOM: medium Tloc miscast
 10519 | IceCv    | XOM: swap monsters
 10726 | IceCv    | XOM: mild Pois miscast
 10855 | IceCv    | XOM: divination: detect creatures
 10891 | IceCv    | Noticed an ice dragon
 10891 | IceCv    | Noticed an ice dragon
 10898 | IceCv    | XOM: silly message
 10901 | IceCv    | XOM: confuse monster(s)
 10909 | IceCv    | Killed an ice dragon
 10916 | IceCv    | Killed an ice dragon
 11003 | IceCv    | Got a wavering amber ring
 11164 | IceCv    | Identified the ring "Xiwnuv" {rPois rN+ Str-2 Int+4} (You
                  | found it in an ice cave)
 11257 | D:12     | Found a snail-covered altar of Cheibriados.
 11323 | D:12     | XOM: scenery: 1 doors close
 11381 | D:12     | XOM: noise
 11391 | D:12     | XOM: confuse monster(s)
 11391 | D:12     | Reached XP level 13. HP: 97/103 MP: 13/13
 11419 | D:12     | Noticed Sonja
 11424 | D:12     | Sonja changed into Sonja the glowing shapeshifter
 11432 | D:12     | XOM: divination: detect items
 11524 | D:12     | XOM: confuse monster(s)
 11533 | D:12     | Reached skill level 10 in Shields
 11797 | D:13     | XOM: summons friendly shadow imp
 11801 | D:13     | XOM: summons 4 friendly demons
 11812 | D:13     | XOM: fog
 11825 | D:13     | Reached skill level 10 in Fighting
 11830 | D:13     | XOM: enchant monster (good)
 11879 | D:13     | XOM: cast spell 'Summon Hydra'
 11880 | D:13     | Slain by a two-headed ogre

Skill      XL: |  1  2  3  4  5  6  7  8  9 10 11 12 13 |
---------------+----------------------------------------+-----
Dodging        | 1 2 3 5 6 7 8 |  8.0
Long Blades    | 4 5 6 8 9 11 12 | 12.5
Armour         | 3 4 5 6 7 8 9 |  9.6
Shields        | 1 2 3 4 6 7 8 9 10 | 10.1
Fighting       | 4 5 6 7 8 9 10 | 10.0

Action                   |  1- 3 |  4- 6 |  7- 9 | 10-12 | 13-15 || total
-------------------------+-------+-------+-------+-------+-------++-------
Melee: Falchion          |    49 |   264 |   455 |   905 |   168 ||  1841
 Abil: Dig               |       |       |       |     7 |       ||     7
Evoke: Wand              |       |       |       |     3 |     1 ||     4
  Use: Potion            |       |     4 |     1 |     6 |     5 ||    16
       Scroll            |       |     2 |    10 |     4 |     1 ||    17
 Stab: Paralysed         |       |     3 |    14 |    13 |     2 ||    32
       Confused          |       |     1 |     5 |    16 |     4 ||    26
       Invisible         |       |       |     7 |       |       ||     7
       Sleeping          |       |       |     1 |       |       ||     1
       Petrifying        |       |       |     2 |     1 |       ||     3
       Petrified         |       |       |     1 |     1 |     1 ||     3
  Eat: Chunk             |       |     4 |    11 |    18 |     1 ||    34
       Ration            |       |       |     1 |     1 |       ||     2
Armor: Leather armour    |    27 |   103 |    77 |       |       ||   207
       Plate armour      |       |       |   135 |   160 |       ||   295
       Chain mail        |       |       |       |   156 |    61 ||   217
Dodge: Dodged            |    36 |    70 |   137 |   192 |    73 ||   508
Block: Large shield      |    10 |   191 |   355 |   809 |   140 ||  1505
       Rpst.: Falchion   |    13 |    19 |    45 |    51 |     4 ||   132
